 Dungeon Crawl Stone Soup version 0.16.1-12-gf5c4a84 (webtiles) character file.

3243 hulla the Fighter (level 9, -1/82 HPs)
             Began as an Octopode Transmuter on Apr 9, 2015.
             Was a Believer of Makhleb.
             Slain by a killer bee (8 damage)
             ... on level 6 of the Dungeon.
             The game lasted 00:46:14 (10644 turns).

hulla the Fighter (Octopode Transmuter)            Turns: 10644, Time: 00:46:14

Health: -1/82      AC:  6    Str: 18    XL:     9   Next: 99%
Magic:  10/14      EV: 10    Int: 18    God:    Makhleb [**....]
Gold:   338        SH:  0    Dex: 12    Spells: 4 memorised, 2 levels left

rFire  x . .     SeeInvis .       - Unarmed
rCold  + + +     Clarity  .     (shield currently unavailable)
rNeg   . . .     SustAb   .     (helmet currently unavailable)
rPois  +         Gourm    .     o - amulet of resist mutation (curse)
rElec  .         Spirit   .     q - +3 ring of strength
rCorr  .         Warding  .     G - +5 ring of strength
rMut   +         Stasis   .     (no ring)
MR     .....                    (no ring)
Stlth  +.........               (no ring)
                                (no ring)
                                (no ring)
                                (no ring)

@: ice-form, not resistant to hostile enchantments, very unstealthy
A: almost no armour, amphibious, 8 rings, (constrict 8), (camouflage 0),
(gelatinous body 0)
a: End Transformation, Minor Destruction, Renounce Religion


You were on level 6 of the Dungeon.
You worshipped Makhleb.
Makhleb was pleased with you.
You were hungry.
You were a creature of crystalline ice.
You visited 2 branches of the dungeon, and saw 8 of its levels.

You collected 338 gold pieces.

Inventory:

Hand weapons
 a - a +2 hunting sling of flaming
 E - a +0 blowgun
Missiles
 b - 171 arrows
 c - 7 needles of slowing
 e - 77 stones (quivered)
 i - 14 poisoned needles
 F - 7 needles of confusion
Jewellery
 k - an uncursed ring of ice
 o - a cursed amulet of resist mutation (around neck)
 q - a +3 ring of strength (left front paw)
 G - a +5 ring of strength (right front paw)
 H - an uncursed amulet of warding {unknown}
 N - an uncursed amulet of the gourmand {unknown}
Magical devices
 y - a wand of frost (24)
 z - a wand of fireball (6)
Scrolls
 j - 4 scrolls of teleportation
 m - a scroll of fear
 n - a scroll of noise {unknown}
 r - 9 scrolls of identify
 s - 3 scrolls of remove curse
 t - a scroll of enchant weapon {unknown}
 v - a scroll of magic mapping
 w - a scroll of recharging
 x - a scroll of immolation {unknown}
 D - a scroll of amnesia {unknown}
 M - a scroll of random uselessness {unknown}
Potions
 f - 2 potions of brilliance
 g - 3 potions of curing
 u - a potion of agility {unknown}
 B - 2 potions of restore abilities {unknown}
 C - a potion of haste {unknown}
 I - a potion of experience {unknown}
 J - 2 potions of might {unknown}
 K - a potion of flight
Books
 d - a book of Changes

   Spells                             Type                      Level
   a - Beastly Appendage              Transmutation                1
   b - Sticks to Snakes               Transmutation                2
   c - Spider Form                    Transmutation/Poison         3
   d - Ice Form                       Ice/Transmutation            4
   e - Blade Hands                    Transmutation                5
Comestibles
 h - 6 meat rations
 l - 2 bread rations
 p - a royal jelly
 A - a beef jerky
 L - 5 chunks of flesh
 O - a poisonous chunk of flesh


   Skills:
 + Level 9.6 Fighting
 - Level 2.0 Dodging
 - Level 3.0 Unarmed Combat
 - Level 2.0 Spellcasting
 - Level 8.0 Transmutations
 - Level 5.0 Ice Magic
 - Level 3.0 Poison Magic


You had 2 spell levels left.
You knew the following spells:

 Your Spells              Type           Power        Failure   Level  Hunger
a - Beastly Appendage     Trmt           ####..       1%          1    #......
b - Spider Form           Trmt/Pois      ###.......   6%          3    ###....
c - Sticks to Snakes      Trmt           ####......   1%          2    ###....
d - Ice Form              Ice/Trmt       ####....     14%         4    #####..


Dungeon Overview and Level Annotations

Branches:
Dungeon (7/15)             Temple (1/1) D:5

Altars:
Ashenzari
Cheibriados
Dithmenos
Elyvilon
Fedhas
Gozag
Kikubaaqudgha
Makhleb
Nemelex Xobeh
Okawaru
Qazlal
Ru
Sif Muna
Trog
Vehumet
Yredelemnul
Zin
The Shining One


Innate Abilities, Weirdness & Mutations

You cannot wear most types of armour.
You are amphibious.
You can wear up to eight rings at the same time.
((You can use your tentacles to constrict many enemies at once.))
((Your skin changes colour to match your surroundings (Stealth).))
((Your rubbery body absorbs attacks (AC +1).))


Message History

The killer bee stings you but does no damage.
The killer bee barely misses you.
You barely miss the killer bee.
The killer bee is almost dead.
You are feeling hungry.
The killer bee barely misses you.
You barely miss the killer bee.
The killer bee is almost dead.
The killer bee stings you.
* * * LOW HITPOINT WARNING * * *
The killer bee closely misses you.
You closely miss the killer bee.
The killer bee is almost dead.
The killer bee stings you.
* * * LOW HITPOINT WARNING * * *
The killer bee stings you.
* * * LOW HITPOINT WARNING * * *
Drink which item? (? for menu, Esc to quit)
You feel better. The killer bee stings you!
You die...

#......# #.######## #....(.#
#.........
#####(################
####### #######.#.........#
#.....# #......(....o...#.#
#.....# #.#####.#.#####.#.#
#.....# #.# #.#.# #.#.######
##.....###.#####.#.###
#o#.......
.......'..).....Yy...#
#.########
##.....###...#####.#.###.#
####### #.)........[..#.#
###########..####..[<#.#.#
...................<...#.#
###########.############.####
....................>..#)...#
#####.###...#########.#####o#
#...#...# #.....#.#


You could see a killer bee.

Vanquished Creatures
  Grinder (D:6)
  Prince Ribbit (D:7)
  A deep elf mage (D:7)
  A hippogriff (D:7)
  Menkaure (D:7)
  An orc warrior (D:6)
  Purgy (D:3)
  2 ice beasts (D:7)
  2 phantoms (D:5)
  3 sky beasts
  4 ogres
  2 centaurs
  3 giant frogs
  A scorpion (D:4)
  A killer bee (D:6)
  A crimson imp (D:6)
  2 jellies
  2 giant frog skeletons (D:5)
  4 hounds
  2 iguanas (D:6)
  6 orc wizards
  5 worker ants
  Ijyb (D:6)
  A hound zombie (D:6)
  Terence (D:3)
  A worker ant zombie (D:7)
  8 adders
  A shadow imp (D:5)
  A giant mite (D:3)
  4 worms
  An adder skeleton (D:6)
  7 giant geckos
  2 oozes
  12 orcs
  A ball python (D:2)
  20 bats
  7 giant cockroaches
  4 goblins
  13 hobgoblins
  19 kobolds
  5 quokkas
  2 giant gecko zombies (D:5)
  3 giant newts
  11 jackals
  A jackal zombie (D:6)
  An orc zombie (D:5)
  15 rats
  4 ballistomycetes (D:6)
193 creatures vanquished.

Vanquished Creatures (collateral kills)
  An ogre (D:4)
1 creature vanquished.

Vanquished Creatures (others)
  An ogre (D:7)
  A scorpion (D:7)
  A worker ant (D:7)
  An orc (D:7)
  A jackal (D:7)
  A giant spore (D:6)
  2 rats (D:7)
8 creatures vanquished.

Grand Total: 202 creatures vanquished

Notes
Turn   | Place    | Note
--------------------------------------------------------------
     0 | D:1      | hulla, the Octopode Transmuter, began the quest for the Orb.
     0 | D:1      | Reached XP level 1. HP: 13/13 MP: 3/3
   296 | D:1      | Reached XP level 2. HP: 15/18 MP: 2/4
   658 | D:1      | Reached XP level 3. HP: 11/23 MP: 6/6
   665 | D:1      | Learned a level 3 spell: Spider Form
   669 | D:1      | Learned a level 2 spell: Sticks to Snakes
  1039 | D:2      | Reached skill level 1 in Poison Magic
  1473 | D:2      | Found a burning altar of Makhleb.
  1608 | D:2      | Reached XP level 4. HP: 28/28 MP: 3/7
  1771 | D:2      | Found a white marble altar of Elyvilon.
  1772 | D:2      | Found an iron altar of Okawaru.
  1772 | D:2      | Found an opulent altar of Gozag.
  1773 | D:2      | Found a glowing silver altar of Zin.
  1784 | D:2      | Found a sparkling altar of Nemelex Xobeh.
  2304 | D:3      | Reached skill level 4 in Transmutations
  2304 | D:3      | Reached XP level 5. HP: 24/33 MP: 5/9
  2376 | D:3      | Noticed a sky beast
  2499 | D:3      | Found a stormy altar of Qazlal.
  2568 | D:3      | Noticed Purgy
  2578 | D:3      | Killed Purgy
  2578 | D:3      | Reached skill level 5 in Transmutations
  2578 | D:3      | Reached XP level 6. HP: 29/38 MP: 7/10
  2915 | D:3      | Noticed Terence
  2931 | D:3      | Killed Terence
  3040 | D:3      | Found a radiant altar of Vehumet.
  3164 | D:4      | Reached skill level 6 in Transmutations
  3696 | D:4      | Reached XP level 7. HP: 19/45 MP: 8/12
  3702 | D:4      | Learned a level 4 spell: Ice Form
  4058 | D:4      | Reached skill level 1 in Ice Magic
  4569 | D:3      | Killed a sky beast
  5109 | D:4      | Found a glowing golden altar of the Shining One.
  5146 | D:5      | Entered Level 5 of the Dungeon
  5716 | D:5      | Found a shattered altar of Ashenzari.
  5994 | D:5      | Found a staircase to the Ecumenical Temple.
  6009 | Temple   | Entered the Ecumenical Temple
  6320 | Temple   | Became a worshipper of Makhleb the Destroyer
  6384 | D:5      | Noticed a moth of wrath
  6385 | D:5      | Found a bloodstained altar of Trog.
  6461 | D:5      | Reached skill level 5 in Ice Magic
  6461 | D:5      | Reached XP level 8. HP: 39/51 MP: 13/13
  6779 | D:5      | Reached skill level 7 in Transmutations
  6974 | D:5      | Acquired Makhleb's first power
  7325 | D:5      | Reached skill level 8 in Transmutations
  7655 | D:5      | HP: 2/54 [orc wizard/puff of flame (10)]
  8195 | D:6      | Noticed Grinder
  8209 | D:6      | Paralysed by Grinder for 5 turns
  8222 | D:6      | Paralysed by Grinder for 5 turns
  8235 | D:6      | Killed Grinder
  8235 | D:6      | Reached skill level 5 in Fighting
  8235 | D:6      | Reached XP level 9. HP: 16/61 MP: 1/14
  8992 | D:6      | Found a basalt altar of Yredelemnul.
  9094 | D:6      | Noticed Ijyb
  9113 | D:6      | Killed Ijyb
  9257 | D:6      | Acquired Makhleb's second power
  9583 | D:7      | Noticed Menkaure
  9601 | D:7      | Killed Menkaure
 10065 | D:7      | Noticed Prince Ribbit
 10090 | D:7      | Killed Prince Ribbit
 10253 | D:7      | Reached skill level 9 in Fighting
 10643 | D:6      | HP: 1/82 [killer bee (6)]
 10644 | D:6      | Slain by a killer bee

Action                   |  1- 3 |  4- 6 |  7- 9 || total
-------------------------+-------+-------+-------++-------
Melee: Unarmed           |   109 |   118 |   428 ||   655
 Fire: Hunting sling     |     5 |     6 |       ||    11
       Blowgun           |       |       |     3 ||     3
Throw: Stone             |     2 |     2 |       ||     4
 Cast: Beastly Appendage |    12 |     2 |     1 ||    15
       Spider Form       |     1 |    17 |    42 ||    60
       Sticks to Snakes  |       |     6 |     8 ||    14
       Ice Form          |       |       |    16 ||    16
 Abil: End Transformatio |       |     3 |     4 ||     7
  Use: Potion            |     2 |     1 |     5 ||     8
       Scroll            |     6 |       |     1 ||     7
 Stab: Sleeping          |     3 |     3 |     5 ||    11
       Distracted        |       |       |     1 ||     1
  Eat: Chunk             |     2 |    10 |    27 ||    39
       Fruit             |       |       |     4 ||     4
       Bread ration      |       |       |     1 ||     1
